 Dungeon Crawl Stone Soup version 0.24.0-125-gc4c63601f3 (webtiles) character file.

Game seed: 7096319538625967653, levelgen mode: deterministic

72 shadizar the Shield-Bearer (level 4, -2/29 HPs)
             Began as a Gargoyle Fighter on Mar 7, 2020.
             Slain by a worker ant (4 damage)
             ... on level 2 of the Dungeon.
             The game lasted 00:01:38 (1183 turns).

shadizar the Shield-Bearer (Gargoyle Fighter)       Turns: 1183, Time: 00:01:39

Health: -2/29      AC: 10    Str: 26    XL:     4   Next: 26%
Magic:  4/4        EV:  8    Int:  8    God:
Gold:   55         SH: 10    Dex:  9    Spells: 3/3 levels left

rFire    . . .     SeeInvis .   a - +0 flail
rCold    . . .     Gourm    .   c - +0 shield
rNeg     + . .     Faith    .   b - +0 scale mail
rPois    ∞         Spirit   .   (no helmet)
rElec    +         Reflect  .   (no cloak)
rCorr    .         Harm     .   (no gloves)
MR       .....                  (no boots)
Stlth    ..........             (no amulet)
HPRegen  0.09/turn              (no ring)
MPRegen  0.09/turn              (no ring)

@: mighty
A: negative energy resistance 1, electricity resistance, unbreathing,
petrification resistance, rot immunity, AC +3
a: no special abilities


You were on level 2 of the Dungeon.
You were very hungry.

You visited 1 branch of the dungeon, and saw 2 of its levels.

You collected 55 gold pieces.

Inventory:

Hand Weapons
 a - a +0 flail (weapon)
Armour
 b - a +0 scale mail (worn)
 c - a +0 shield (worn)
 j - a +4 ring mail of magic resistance
Jewellery
 l - an uncursed ring of protection from cold {unknown}
Scrolls
 e - a scroll of teleportation {unknown}
 k - a scroll of magic mapping {unknown}
Potions
 d - a potion of might
 g - a potion of ambrosia {unknown}
 h - a potion of curing {unknown}
 i - a potion of flight {unknown}
Comestibles
 f - 5 rations


   Skills:
 + Level 3.8 Fighting
 + Level 2.6 Maces & Flails
 + Level 3.7 Armour
 + Level 1.1 Dodging
 + Level 3.8 Shields


You had 3 spell levels left.
You didn't know any spells.
Your spell library was empty.

Dungeon Overview and Level Annotations

Branches:
Dungeon (2/15)

Altars:
Trog


Innate Abilities, Weirdness & Mutations

You are resistant to torment.
Your stone body is resilient. (AC +3)
You are immune to poison.
You resist negative energy. (rN+)
You are resistant to electric shocks. (rElec)
You can survive without breathing.
You are immune to petrification.
You are immune to rotting.


Message History

The worker ant bites you.
* * * LOW HITPOINT WARNING * * *
You hit the worker ant.
The worker ant is almost dead.
The worker ant bites you.
* * * LOW HITPOINT WARNING * * *
The worker ant closely misses you.
You feel very mighty all of a sudden. The worker ant barely misses you.
Your shield and scale mail prevent you from hitting the worker ant.
The worker ant is almost dead.
You block the worker ant's attack.
The worker ant bites you but does no damage.
You closely miss the worker ant.
The worker ant is almost dead.
The worker ant bites you but does no damage.
You hit the worker ant.
The worker ant is almost dead.
The worker ant bites you.
You die...

......##.#######
<#
.#######..[....#
.# .#
#######.###.# .#
#.....# .#
#..#..##### .#
#.......... .#
###.####### .#
#.# .# #@# #.#
.#######
#a#######...##
........
##.†.........?.
.#######
#............#
## #.........#.#
#............
##.........#.
#..<.......#.##.
#..........$....


You could see a worker ant.

Vanquished Creatures
  Terence (D:2)
  An adder (D:2)
  A worm (D:2)
  A dart slug (D:1)
  4 giant cockroaches (D:1)
  4 hobgoblins (D:1)
  4 kobolds (D:1)
  5 bats (D:1)
  A frilled lizard (D:1)
  7 goblins (D:1)
  3 rats
  10 plants (D:1)
42 creatures vanquished.

Notes
Turn   | Place    | Note
-------+----------+-------------------------------------------
     0 | D:1      | shadizar the Gargoyle Fighter began the quest for the Orb.
     0 | D:1      | Reached XP level 1. HP: 14/14 MP: 1/1
   108 | D:1      | Reached XP level 2. HP: 19/19 MP: 2/2
   240 | D:1      | Reached XP level 3. HP: 23/23 MP: 3/3
   928 | D:2      | Found a bloodstained altar of Trog.
  1045 | D:2      | Noticed Terence
  1056 | D:2      | Killed Terence
  1056 | D:2      | Reached skill level 1 in Dodging
  1056 | D:2      | Reached XP level 4. HP: 17/29 MP: 4/4
  1178 | D:2      | HP: 1/29 [worker ant (4)]
  1183 | D:2      | Slain by a worker ant

Levels and vault maps discovered:
D:1:      psy_arrival_dodecagon, layout_loops_cross, wad_woods_river_04
D:2:      layout_loops_ring, lightli_temple_of_fire, uniq_terence, uniq_natasha

Skill      XL: |  1  2  3 |
---------------+----------+-----
Dodging        | 1 |  1.1
Fighting       | |  3.8
Maces & Flails | |  2.6
Armour         | |  3.7
Shields        | |  3.8

Action                   |  1- 3 |  4- 6 || total
-------------------------+-------+-------++-------
Melee: Flail             |   307 |    47 ||   354
  Use: Potion            |       |     1 ||     1
  Eat: Chunk             |     1 |       ||     1
Armor: Scale mail        |    59 |    26 ||    85
Dodge: Dodged            |    16 |    15 ||    31
Block: Shield            |    44 |    26 ||    70
